 Dungeon Crawl Stone Soup version 0.25-a0-701-gb30f108f01 (webtiles) character file.

Game seed: 12545349629170124718, levelgen mode: deterministic

6252 Maedhros the Covert (level 10, -2/50 HPs)
             Began as an Octopode Artificer on Apr 3, 2020.
             Was an Elder of Fedhas.
             Killed from afar by an orc wizard (13 damage)
             ... with a puff of flame
             ... on level 9 of the Dungeon.
             The game lasted 00:16:08 (11321 turns).

Maedhros the Covert (Octopode Artificer)           Turns: 11321, Time: 00:16:09

Health: -2/50      AC:  1    Str: 15      XL:     10   Next: 93%
Magic:  16/16      EV: 12    Int: 12 (14) God:    Fedhas [****..]
Gold:   397        SH: 15    Dex: 12 (15) Spells: 9/9 levels left

rFire    . . .     SeeInvis +   q - +0 short sword (elec)
rCold    . . .     Gourm    +   e - +5 kite shield
rNeg     . . .     Faith    .   (helmet restricted)
rPois    .         Spirit   .   u - amulet of the gourmand
rElec    .         Reflect  .   i - ring of stealth
rCorr    +         Harm     .   j - +3 ring of strength
MR       +....                  x - ring of protection from magic
Stlth    +++++++...             D - ring of see invisible
HPRegen  0.16/turn              J - ring of resist corrosion
MPRegen  0.15/turn              (no ring)
                                (no ring)
                                (no ring)

@: no status effects
A: almost no armour, stealthy swim, amphibious, 8 rings, constrict 8, camouflage
1, deterioration 1, frail 2, gelatinous body 1
a: Wall of Briars, Grow Ballistomycete, Overgrow, Renounce Religion


You were on level 9 of the Dungeon.
You worshipped Fedhas.
Fedhas was greatly pleased with you.
You were not hungry.

You visited 2 branches of the dungeon, and saw 10 of its levels.

You collected 397 gold pieces.

Inventory:

Hand Weapons
 o - a +4 dagger
 q - a +0 short sword of electrocution (weapon)
 r - a cursed +3 trident of freezing
 E - a +4 hunting sling
Missiles
 F - 81 sling bullets
 G - 290 stones (quivered)
Armour
 e - a +5 kite shield (worn)
Jewellery
 i - a ring of stealth (left tentacle)
 j - a +3 ring of strength (right tentacle)
 u - an amulet of the gourmand (around mantle)
 x - a ring of protection from magic (on tentacle)
 D - a ring of see invisible (on tentacle)
 J - a ring of resist corrosion (on tentacle)
Wands
 c - a wand of enslavement (2)
 d - a wand of random effects (1)
 B - a wand of iceblast (7)
 H - a wand of acid (12)
 I - a wand of flame (14)
Scrolls
 a - a scroll of vulnerability {unknown}
 g - 2 scrolls of fog
 h - a scroll of immolation
 k - a scroll of magic mapping {unknown}
 p - a scroll of blinking
 y - 2 scrolls of fear
 z - 5 scrolls of amnesia
 A - 2 scrolls of teleportation
Potions
 b - 2 potions of mutation {unknown}
 l - 2 potions of degeneration
 m - 3 potions of haste
 n - a potion of curing {unknown}
 s - 2 potions of stabbing {unknown}
 t - a potion of heal wounds
 v - a potion of cancellation {unknown}
 C - a potion of invisibility
Miscellaneous
 w - a phial of floods
Comestibles
 f - 10 rations


   Skills:
 + Level 3.7 Fighting
 - Level 1.0 Short Blades
 * Level 5.1 Slings
 - Level 2.0 Dodging
 + Level 11.9 Stealth
 + Level 8.5 Shields
 + Level 3.7 Invocations
 - Level 9.1 Evocations


You had 9 spell levels left.
You didn't know any spells.
Your spell library contained the following spells:

 Spells                   Type           Power        Failure   Level  Hunger
 Magic Dart               Conj           #...         58%         1    ##.....
 Blink                    Tloc           N/A          75%         2    ###....
 Call Imp                 Summ           #.......     75%         2    ###....
 Slow                     Hex            #.......     75%         2    ###....
 Conjure Flame            Conj/Fire      #.......     92%         3    ####...
 Mephitic Cloud           Conj/Pois/Air  #.......     92%         3    ####...


Dungeon Overview and Level Annotations

Branches:
Dungeon (9/15)             Temple (1/1) D:5
   Lair: D:8-11         Orc: D:9-12

Altars:
Ashenzari
Cheibriados
Dithmenos
Elyvilon
Fedhas
Gozag
Hepliaklqana
Kikubaaqudgha
Makhleb
Nemelex Xobeh
Okawaru
Qazlal
Ru
Sif Muna
Trog
Uskayaw
Vehumet
Wu Jian
Xom
Yredelemnul
Zin
The Shining One

Annotations:
D:6 Duvessa
D:9 Erolcha, Gastronok


Innate Abilities, Weirdness & Mutations

You cannot wear most types of armour.
You are very stealthy in the water. (Stealth+)
You are amphibious.
You can wear up to eight rings at the same time.
You can use your tentacles to constrict eight enemies at once.
Your skin changes colour to match your surroundings (Stealth+).
Your rubbery body absorbs attacks. (AC +1, EV +1)
Your body sometimes deteriorates upon taking damage.
You are very frail. (-20% HP)


Message History

Fedhas accepts your kill.
An orc wizard comes into view. It is wielding a -3 dagger.
You see here a howler monkey corpse.
You see here a twisted marble ring.
J - a twisted marble ring
J - a ring of resist corrosion (on tentacle)
The orc wizard casts a spell at you. The puff of frost hits you!
* * * LOW HITPOINT WARNING * * *
Your body deteriorates!
You feel dopey.
You see here a howler monkey corpse.
You are too injured to fight recklessly!
The orc wizard hits you with a cursed -3 dagger.
* * * LOW HITPOINT WARNING * * *
Things that are here:
a +0 flail; a +0 chain mail; a +0 hand axe The orc wizard casts a spell at you.
The puff of flame hits you!
You die...
Fedhas appreciates your contribution to the ecosystem.

#..# #.# ..## #.## #.#
...##.####### #.#
######.######..##.#.....#
..# #...............
........## ###
..######.###.### #.......
### #.# .##### #....[##
.....###.###....##.#.....#
#..)o.##...#.......#####
?=$#..##o)@........##.###..
$>$#. ####...#..## #>##...
$([# ##.##. #....#. ### .#
####... .o .# ##.# # ## #.#
#.# #.# #.#


You could see 2 orc wizards.

Vanquished Creatures
  A troll (D:5)
  A hornet (D:9)
  Grinder (D:5)
  2 hippogriffs (D:7)
  A hungry ghost (D:6)
  3 orc warriors
  2 ice beasts
  2 sky beasts (D:7)
  A black bear (D:6)
  7 ogres
  2 phantoms
  5 centaurs
  4 big kobolds
  5 bullfrogs
  A wyvern skeleton (D:9)
  A water moccasin zombie (D:7)
  A wyvern zombie (D:8)
  A water moccasin skeleton (D:4)
  13 wights
  5 howler monkeys
  3 crimson imps
  A bullfrog zombie (D:6)
  9 jellies (D:7)
  6 hounds
  A bullfrog skeleton (D:6)
  8 orc priests
  8 orc wizards
  Terence (D:2)
  3 iguanas
  6 worker ants
  A worker ant zombie (D:8)
  13 adders
  A howler monkey skeleton (D:7)
  2 shadow imps (D:5)
  14 oozes
  2 adder zombies
  2 worms
  2 dart slugs (D:1)
  11 leopard geckos
  31 orcs
  5 giant cockroaches
  3 goblins
  9 hobgoblins
  11 jackals
  6 quokkas
  A ball python (D:2)
  A ball python skeleton (D:4)
  2 bats
  2 frilled lizards
  20 kobolds
  A leopard gecko skeleton (D:4)
  2 leopard gecko zombies
  A quokka zombie (D:5)
  12 rats
260 creatures vanquished.

Vanquished Creatures (collateral kills)
  A phantom (D:7)
  Dowan (D:6)
  2 wights (D:8)
  A worker ant (D:4)
  2 orcs
7 creatures vanquished.

Vanquished Creatures (others)
  2 ogres
  An adder (D:2)
  3 fungi (D:7)
6 creatures vanquished.

Grand Total: 273 creatures vanquished

Notes
Turn   | Place    | Note
-------+----------+-------------------------------------------
     0 | D:1      | Maedhros the Octopode Artificer began the quest for the
                  | Orb.
     0 | D:1      | Reached XP level 1. HP: 13/13 MP: 3/3
   103 | D:1      | Reached skill level 2 in Stealth
   103 | D:1      | Reached XP level 2. HP: 8/18 MP: 4/4
   204 | D:1      | Reached skill level 1 in Shields
   624 | D:1      | Reached XP level 3. HP: 23/23 MP: 5/5
   948 | D:2      | Found a white marble altar of Elyvilon.
  1000 | D:2      | Found an iron altar of Okawaru.
  1290 | D:2      | Noticed Terence
  1296 | D:2      | Killed Terence
  1296 | D:2      | Reached skill level 3 in Stealth
  1296 | D:2      | Reached XP level 4. HP: 25/28 MP: 5/7
  1708 | D:2      | Found a radiant altar of Vehumet.
  2174 | D:4      | Noticed an ogre
  2177 | D:4      | Reached XP level 5. HP: 27/33 MP: 8/8
  2192 | D:4      | Reached skill level 4 in Stealth
  2195 | D:4      | Killed an ogre
  2195 | D:4      | Reached XP level 6. HP: 18/38 MP: 9/9
  2271 | D:4      | Reached skill level 5 in Stealth
  2271 | D:4      | Reached skill level 5 in Evocations
  2600 | D:4      | Reached XP level 7. HP: 24/43 MP: 11/11
  2787 | D:4      | Reached skill level 6 in Stealth
  2859 | D:5      | Entered Level 5 of the Dungeon
  2974 | D:5      | Noticed a troll
  3151 | D:5      | Noticed Grinder
  3155 | D:5      | Killed Grinder
  3155 | D:5      | Reached skill level 7 in Stealth
  3239 | D:5      | Reached XP level 8. HP: 37/48 MP: 12/12
  3529 | D:5      | Reached skill level 5 in Shields
  3623 | D:5      | Killed a troll
  3623 | D:5      | Reached skill level 8 in Stealth
  3675 | D:5      | Found a staircase to the Ecumenical Temple.
  3752 | Temple   | Entered the Ecumenical Temple
  3815 | Temple   | Became a worshipper of Xom of Chaos
  3843 | Temple   | Fell from the grace of Xom
  3843 | Temple   | Became a worshipper of Fedhas Madash
  4017 | D:3      | Reached skill level 9 in Stealth
  4200 | D:3      | Reached * piety under Fedhas
  4607 | D:3      | XOM: give mutation
  4607 | D:3      | Gained mutation: You are frail. (-10% HP) [Xom's mischief]
  4849 | D:5      | Found a shadowy altar of Dithmenos.
  4866 | D:5      | Reached XP level 9. HP: 21/47 MP: 14/14
  5044 | D:5      | XOM: summons 5 hostile demons
  5860 | D:6      | Found an ancient bone altar of Kikubaaqudgha.
  5865 | D:6      | XOM: mild Pois miscast
  6672 | D:6      | Reached skill level 10 in Stealth
  7217 | D:6      | XOM: cloud trail
  7269 | D:6      | Noticed Duvessa
  7270 | D:6      | Noticed Dowan
  7316 | D:6      | Killed Dowan
  7557 | D:6      | XOM: give mutations
  7557 | D:6      | Gained mutation: You are clumsy. (Dex -2) [Xom's mischief]
  7557 | D:6      | Gained mutation: Your body sometimes deteriorates upon
                  | taking damage. [Xom's mischief]
  7557 | D:6      | Gained mutation: You are very frail. (-20% HP) [Xom's
                  | mischief]
  7660 | D:6      | Found an opulent altar of Gozag.
  7741 | D:7      | Found a shimmering blue altar of Sif Muna.
  7819 | D:7      | XOM: give mutation
  7819 | D:7      | Lost mutation: You are clumsy. (Dex -2) [Xom's mischief]
  7918 | D:7      | Reached ** piety under Fedhas
  7918 | D:7      | Reached skill level 11 in Stealth
  7941 | D:7      | Reached skill level 1 in Slings
  7981 | D:7      | Reached skill level 1 in Invocations
  7990 | D:7      | Reached XP level 10. HP: 35/47 MP: 16/16
  8609 | D:7      | Noticed an oklob plant
  8658 | D:7      | Reached *** piety under Fedhas
  9341 | D:8      | Noticed a two-headed ogre
  9528 | D:9      | Noticed Gastronok
  9853 | D:9      | Noticed Erolcha
  9862 | D:9      | XOM: mild Tmut miscast
 10350 | D:8      | Reached **** piety under Fedhas
 10481 | D:8      | Found a hazy altar of Hepliaklqana.
 10676 | D:8      | XOM: divination: magic mapping
 10710 | D:8      | Reached skill level 5 in Slings
 11321 | D:9      | Killed from afar by an orc wizard

Levels and vault maps discovered:
D:1:      zelgadis_glass_arrival_small, layout_loops_ring, minmay_quantized
D:2:      minmay_door_path, layout_loops_ring, elyvilon_altar_5,
          fiery_altar_vehumet, lemuel_round_altar, uniq_terence
D:3:      layout_basic
D:4:      layout_cave_pools
D:5:      layout_loops_corners, grunt_dithmenos_shadows,
          minmay_temple_entry_mist, first_ration, uniq_grinder
D:6:      layout_basic, lemuel_round_altar, kiku_gazebo_garden_becter,
          uniq_duvessa
D:7:      lemuel_slime, layout_basic, led_sif_pool, chequers_hall_statues_y
D:8:      layout_basic, lemuel_doored_altar
D:9:      layout_loops_ring, nicolae_straight_to_the_point, uniq_erolcha,
          uniq_gastronok
Temple:   eino_temple_water

Skill      XL: |  1  2  3  4  5  6  7  8  9 10 |
---------------+-------------------------------+-----
Stealth        | 2 3 4 5 7 9 11 | 11.9
Shields        | 1 2 3 4 6 7 8 |  8.5
Evocations     | 4 5 6 7 9 |  9.1
Slings         | 1 5 |  5.1
Invocations    | 1 3 |  3.7
Fighting       | 3 |  3.7
Short Blades   | |  1.0
Dodging        | |  2.0

Action                   |  1- 3 |  4- 6 |  7- 9 | 10-12 || total
-------------------------+-------+-------+-------+-------++-------
Melee: Short sword       |    58 |    13 |       |   193 ||   264
       Constrict         |    19 |    15 |    63 |    33 ||   130
       Tentacles         |     9 |    13 |    55 |    54 ||   131
       Dagger            |       |    55 |   275 |    20 ||   350
 Fire: Hunting sling     |       |       |    34 |    12 ||    46
Evoke: Wand              |     2 |     8 |    31 |    18 ||    59
  Use: Scroll            |       |       |    19 |     1 ||    20
       Potion            |       |       |     3 |     1 ||     4
 Stab: Sleeping          |     8 |     5 |    18 |    19 ||    50
       Distracted        |     1 |     1 |     2 |     2 ||     6
       Petrified         |       |       |     6 |       ||     6
       Petrifying        |       |       |     1 |       ||     1
  Eat: Chunk             |     1 |     5 |    13 |    13 ||    32
       Ration            |       |       |     2 |       ||     2
Armor: Skin              |     6 |     2 |    17 |     4 ||    29
Dodge: Dodged            |    22 |    29 |    94 |    60 ||   205
Block: Kite shield       |    21 |    25 |   129 |   133 ||   308

Table legend:
 A = Non-vault XP
 B = Vault XP
 C = Vault XP percentage of total XP
 D = Non-vault monster count
 E = Vault monster count
 F = Vault count percentage of total count
                 A         B        C        D         E       F
            +---------+---------+-------+---------+---------+-------
      Total |    8016 |     916 |  10.3 |     235 |      32 |  12.0
            +---------+---------+-------+---------+---------+-------
        D:1 |      28 |      10 |  26.3 |      14 |       5 |  26.3
        D:2 |      42 |      64 |  60.4 |      17 |       4 |  19.0
        D:3 |     237 |       0 |   0.0 |      32 |       0 |   0.0
        D:4 |     577 |       0 |   0.0 |      24 |       0 |   0.0
        D:5 |    1224 |     375 |  23.5 |      26 |       2 |   7.1
        D:6 |    1672 |      48 |   2.8 |      26 |       1 |   3.7
        D:7 |    1854 |     419 |  18.4 |      37 |      20 |  35.1
        D:8 |    1572 |       0 |   0.0 |      42 |       0 |   0.0
        D:9 |     810 |       0 |   0.0 |      17 |       0 |   0.0
            +---------+---------+-------+---------+---------+-------
